AoeStats
← ScotiusMaximus

Arabia

504309336Analyzed
1v1 RM · 27d ago on Sep 4, 2026· 19m 24s· 2 players
Game mode
Random Map
Map size
Tiny (2 player)
Population
200
Speed
Normal
Resources
Standard
Victory
Conquest
Starting age
Dark Age
Ending age
Imperial Age
RankedLock teamsTeams togetherTeam positionsShared explorationLock speedFull tech treeHidden civsTurbo modeCheats
Victory
Defeat
🇬🇧 Romans · United Kingdom
1096
+15
🇺🇸 Byzantines · United States
1078
-15
ScotiusMaximus
7:35 Loom
10:18 Feudal Age
11:05 Double-Bit Axe
17:51 Fletching
smithy585
7:48 Loom
10:01 Feudal Age
10:16 Man-at-Arms
12:25 Scale Mail Armor
12:40 Horse Collar
Connection lost

Rejoining the realm…

Still unreachable

The connection could not be restored.

Session expired

The server has moved on; the page needs a fresh start.